 Dungeon Crawl Stone Soup version 0.21-a0-153-g78480df (webtiles) character file.

1150 4thArraOfDagon the Fighter (level 8, 0/64 HPs)
             Began as a Gnoll Wanderer on Aug 1, 2017.
             Was a Follower of Ru.
             Succumbed to a scorpion's poison
             ... on level 8 of the Dungeon.
             The game lasted 00:10:51 (4253 turns).

4thArraOfDagon the Fighter (Gnoll Wanderer)         Turns: 4253, Time: 00:10:52

Health: 0/64       AC:  9    Str:  7    XL:     8   Next: 38%
Magic:  9/9        EV:  9    Int:  7    God:    Ru [*.....]
Gold:   280        SH:  0    Dex:  7    Spells: 7/7 levels left

rFire    + . .     SeeInvis .   h - +0 long sword (slice)
rCold    . . .     Gourm    .   (no shield)
rNeg     . . .     Faith    .   a - +2 scale mail
rPois    .         Spirit   .   (no helmet)
rElec    +         Reflect  .   (no cloak)
rCorr    .         Harm     +   (no gloves)
MR       .....                  (no boots)
Stlth    ..........             g - amulet of harm
HPRegen  0.00/turn              m - ring of protection from fire
MPRegen  0.11/turn              (no ring)

@: lethally poisoned (0 -> -28)
A: unchanging attributes, claws 1, fangs 1, frail 1, electricity resistance,
inhibited regeneration, no potion heal 1, magic vulnerability 1, strong nose
a: Renounce Religion


You were on level 8 of the Dungeon.
You worshipped Ru.
Ru was aware of your devotion.
You were not hungry.

You visited 1 branch of the dungeon, and saw 9 of its levels.

You collected 280 gold pieces.

Inventory:

Hand Weapons
 b - a +0 falchion
 c - a +0 quarterstaff
 f - a +2 shortbow of flaming
 h - a +0 long sword of slicing (weapon)
Missiles
 i - 20 arrows
 r - a throwing net (quivered)
Armour
 a - a +2 scale mail (worn)
Jewellery
 g - an amulet of harm (around neck)
 m - a ring of protection from fire (left claw)
Wands
 u - a wand of acid (2/15)
 B - a wand of disintegration (3/24)
Scrolls
 e - 5 scrolls of fear
 j - a scroll of remove curse
 k - 3 scrolls of blinking {unknown}
 n - a scroll of random uselessness {unknown}
 o - 2 scrolls of enchant weapon {unknown}
 p - 2 scrolls of teleportation {unknown}
 t - a scroll of enchant armour {unknown}
 v - 2 scrolls of magic mapping {unknown}
 y - a scroll of noise {unknown}
Potions
 l - 3 potions of curing
 s - a potion of brilliance
 w - a potion of heal wounds
 x - a potion of flight {unknown}
 z - 2 potions of mutation {unknown}
 C - a potion of might
Comestibles
 d - 6 bread rations
 q - 2 meat rations
 A - a royal jelly


   Skills:
 * Level 9.9 Fighting
 - Level 1.3 Staves
 + Level 6.6 Armour
 + Level 6.8 Dodging
 - Level 1.2 Stealth
 - Level 1.3 Evocations


You had 7 spell levels left.
You didn't know any spells.

Dungeon Overview and Level Annotations

Branches:
Dungeon (9/15)             Temple (0/1) D:6
   Lair: D:8-11         Orc: D:9-12

Altars:
Ashenzari
Elyvilon
Fedhas
Gozag
Hepliaklqana
Ru
Trog
Uskayaw

Annotations:
D:3 oki's ghost, amateur SpAs
D:5 4thArraOfDagon's ghost, amateur GnWn


Innate Abilities, Weirdness & Mutations

Your physical attributes are unchanging.
You have very sharp teeth.
You are slightly vulnerable to magic. (MR-)
Your uncanny sense of smell can sniff out nearby items.
You have sharp fingernails.
You are frail. (-10% HP)
You are resistant to electric shocks. (rElec)
You do not regenerate when monsters are visible.
Potions are less effective at restoring your health.


Message History

The scorpion stings you.
You are more poisoned.
The scorpion poisons you!
You hit the scorpion.
The scorpion is heavily wounded.
* * * LOW HITPOINT WARNING * * *
You feel very sick. The scorpion barely misses you.
You riposte.
You closely miss the scorpion.
The scorpion is heavily wounded.
You closely miss the scorpion.
The scorpion is heavily wounded.
* * * LOW HITPOINT WARNING * * *
You feel very sick. The scorpion stings you.
* * * LOW HITPOINT WARNING * * *
The scorpion stings you!
* * * LOW HITPOINT WARNING * * *
Your scale mail prevents you from hitting the scorpion.
The scorpion is moderately wounded.
You die...

#.##>###..### #.##.###....# ##.
.#. #..^......#.## #..#.(.
#..>.........# #.#...#
###..........)###...#.#
#####.....................#
#.....##.........#........#
#.....##.........#........####..#
#.....##........@#.......$.......
#..............s#†...............
#.....##..........#...####.......
#.....##..........#..............
#.....##..........#...#..........
#.....##..........########....%..
########.........## .....s.
##........# ....... ##>......#


You could see a scorpion.

Vanquished Creatures
  2 sky beasts
  A phantom (D:6)
  A centaur (D:4)
  A big kobold (D:9)
  2 bullfrogs
  Blork the orc (D:6)
  A scorpion (D:4)
  3 hounds
  4 orc wizards
  A gnoll shaman (D:8)
  2 iguanas
  4 worker ants
  6 adders
  3 oozes
  2 worms (D:2)
  2 dart slugs (D:1)
  A leopard gecko (D:1)
  7 orcs
  4 bats
  2 bat skeletons (D:4)
  A bat zombie (D:4)
  3 giant cockroaches
  6 goblins
  3 hobgoblins
  2 quokkas (D:2)
  2 ball pythons
  4 frilled lizards
  A jackal skeleton (D:7)
  5 kobolds
  6 rats
83 creatures vanquished.

Notes
Turn   | Place    | Note
-------+----------+-------------------------------------------
     0 | D:1      | 4thArraOfDagon the Gnoll Wanderer began the quest for the Orb.
     0 | D:1      | 4thArraOfDagon set off with: a +2 scale mail, a +0 falchion, a +0 quarterstaff, a bread ration
     0 | D:1      | Reached XP level 1. HP: 19/19 MP: 2/2
    94 | D:2      | Found a sacrificial altar of Ru.
   117 | D:2      | Became a worshipper of Ru the Awakened
   160 | D:1      | Reached XP level 2. HP: 12/26 MP: 3/3
   494 | D:1      | Reached XP level 3. HP: 31/32 MP: 4/4
   529 | D:1      | Reached skill level 5 in Fighting
  1168 | D:2      | Reached XP level 4. HP: 36/39 MP: 5/5
  1344 | D:2      | Found a blossoming altar of Fedhas.
  1474 | D:2      | Gained mutation: You are slightly vulnerable to magic. (MR-) [Ru sacrifice]
  1474 | D:2      | Reached * piety under Ru
  1675 | D:3      | Noticed oki's ghost (amateur SpAs)
  1706 | D:4      | Noticed a centaur
  1723 | D:4      | Killed a centaur
  1723 | D:4      | Reached skill level 6 in Fighting
  1723 | D:4      | Reached XP level 5. HP: 15/47 MP: 6/6
  1739 | D:5      | Entered Level 5 of the Dungeon
  1739 | D:5      | Found an opulent altar of Gozag.
  1784 | D:6      | Found a staircase to the Ecumenical Temple.
  1909 | D:6      | Noticed an ice beast
  2107 | D:5      | Noticed 4thArraOfDagon's ghost (amateur GnWn)
  2164 | D:4      | Reached XP level 6. HP: 50/53 MP: 7/7
  2183 | D:4      | Reached skill level 7 in Fighting
  2216 | D:4      | Reached skill level 5 in Dodging
  2250 | D:4      | Found a bloodstained altar of Trog.
  2298 | D:4      | Found a hide-covered altar of Uskayaw.
  2616 | D:5      | Noticed a phantom
  2671 | D:5      | Found a shattered altar of Ashenzari.
  2680 | D:5      | Reached skill level 5 in Armour
  2701 | D:6      | Found a white marble altar of Elyvilon.
  2708 | D:6      | Noticed Blork the orc
  2716 | D:6      | Reached XP level 7. HP: 50/61 MP: 8/8
  2724 | D:6      | Killed Blork the orc
  2745 | D:6      | Reached skill level 8 in Fighting
  3092 | D:6      | Found a bloodstained altar of Trog.
  3371 | D:7      | You fall through a shaft!
  3460 | D:8      | Reached skill level 9 in Fighting
  3462 | D:8      | Gained mutation: Potions are less effective at restoring your health. [mutagenic meat]
  3487 | D:8      | Gained mutation: You do not regenerate when monsters are visible. [mutagenic meat]
  3488 | D:8      | Gained mutation: You are frail. (-10% HP) [mutagenic meat]
  3489 | D:8      | Gained mutation: You are resistant to electric shocks. (rElec) [mutagenic meat]
  3490 | D:8      | Gained mutation: You have sharp fingernails. [mutagenic meat]
  3687 | D:9      | Reached XP level 8. HP: 63/63 MP: 9/9
  3692 | D:8      | Found a hazy altar of Hepliaklqana.
  4252 | D:8      | HP: 2/64 [scorpion (8)]
  4253 | D:8      | Succumbed to a scorpion's poison

Vault maps used:
D:1:      evilmike_arrival_fibonacci_small
D:2:      overflow_temple_1_default, marbit_many_paths
D:3:      kb_xom_exploding_sheep, uniq_natasha, uniq_robin
D:4:      kennysheep_mini, kennysheep_vampire_church, st_stairs_6,
          kennysheep_decorative_pillar, bloody_trog
D:5:      cheibrodos_ashenzari_chains, first_bread, nicolae_gozag_seed_capital
D:6:      elyvilon_altar_1, kennysheep_little_box, kennysheep_mini_moat,
          nicolae_qazlal_style_of_elements, minmay_temple_entry_mist,
          uniq_blork_the_orc
D:7:      lemuel_doored_altar, makhleb_blood_cavern_becter, the_bakery,
          grunt_decor_mini_mirrors, tgw_sif, uniq_menkaure
D:8:      nicolae_overflow_hidden_temple
D:9:      hangedman_feature_mirror, minmay_ruffians

Skill      XL: |  1  2  3  4  5  6  7 |
---------------+----------------------+-----
Dodging        | 3 4 5 6 |  6.8
Armour         | 3 4 5 6 |  6.6
Fighting       | 5 6 7 9 |  9.9
Staves         | |  1.3
Stealth        | |  1.2
Evocations     | |  1.3

Action                   |  1- 3 |  4- 6 |  7- 9 || total
-------------------------+-------+-------+-------++-------
Melee: Quarterstaff      |   134 |   134 |     7 ||   275
       Bite              |     6 |    13 |    12 ||    31
       Long sword        |       |       |   132 ||   132
Throw: Throwing net      |       |     1 |       ||     1
Invok: Sacrifice Essence |       |     1 |       ||     1
       Reject Sacrifices |       |       |     1 ||     1
Evoke: Wand              |       |     7 |     5 ||    12
  Use: Scroll            |       |     7 |     1 ||     8
       Potion            |       |     4 |       ||     4
 Stab: Held in net/web   |       |     1 |       ||     1
  Eat: Chunk             |     1 |     4 |     7 ||    12
       Royal jelly       |       |     1 |     2 ||     3
Armor: Scale mail        |    82 |   120 |    92 ||   294
Dodge: Dodged            |    81 |    74 |    85 ||   240
       Rpst.: Long sword |       |       |    34 ||    34
